 Dungeon Crawl Stone Soup version 0.22-a0-322-g60b3cfd (webtiles) character file.

66 xccam the Magician (level 4, 0/34 HPs)
             Began as a Gnoll Wanderer on Apr 4, 2018.
             Succumbed to an orc's poison
             ... on level 4 of the Dungeon.
             The game lasted 00:04:02 (1430 turns).

xccam the Magician (Gnoll Wanderer)                 Turns: 1430, Time: 00:04:03

Health: 0/34       AC:  5    Str: 14    XL:     4   Next: 15%
Magic:  13/13      EV: 10    Int: 15    God:
Gold:   84         SH:  0    Dex: 20    Spells: 16/17 levels left

rFire    . . .     SeeInvis .   b - +0 spear
rCold    . . .     Gourm    .   (no shield)
rNeg     . . .     Faith    .   g - +0 ring mail
rPois    .         Spirit   +   (no helmet)
rElec    .         Reflect  .   (no cloak)
rCorr    .         Harm     .   (no gloves)
MR       .....                  (no boots)
Stlth    ++........             j - amulet of guardian spirit
HPRegen  0.11/turn              p - +5 ring of dexterity
MPRegen  0.13/turn              (no ring)

@: lethally poisoned (0 -> -1)
A: distributed training, fangs 1, strong nose
a: no special abilities


You were on level 4 of the Dungeon.
You were not hungry.

You visited 1 branch of the dungeon, and saw 3 of its levels.

You collected 84 gold pieces.

Inventory:

Hand Weapons
 b - a +0 spear (weapon)
 e - a +0 dagger
Missiles
 m - 6 silver tomahawks (quivered)
Armour
 c - a +0 plate armour
 g - a +0 ring mail (worn)
 h - a +0 chain mail
Jewellery
 j - an amulet of guardian spirit (around neck)
 p - a +5 ring of dexterity (left hand)
Scrolls
 a - 4 scrolls of identify {unknown}
 k - a scroll of teleportation {unknown}
 n - 2 scrolls of remove curse {unknown}
Potions
 d - 2 potions of resistance {unknown}
 i - a potion of mutation {unknown}
 l - a potion of berserk rage {unknown}
 q - 2 potions of flight {unknown}
Comestibles
 f - 2 rations
 o - 5 chunks of flesh


   Skills:
 + Level 2.7 Fighting
 + Level 1.0 Short Blades
 + Level 2.7 Long Blades
 + Level 1.0 Axes
 + Level 1.0 Maces & Flails
 + Level 1.0 Polearms
 + Level 1.0 Staves
 + Level 1.0 Slings
 + Level 1.0 Bows
 + Level 1.0 Crossbows
 + Level 1.0 Throwing
 + Level 1.0 Armour
 + Level 1.0 Dodging
 + Level 4.2 Stealth
 + Level 1.0 Shields
 + Level 1.0 Unarmed Combat
 + Level 7.2 Spellcasting
 + Level 0.7 Conjurations
 + Level 0.7 Hexes
 + Level 0.7 Charms
 + Level 3.8 Summonings
 + Level 0.7 Necromancy
 + Level 0.7 Translocations
 + Level 0.7 Transmutations
 + Level 0.7 Fire Magic
 + Level 0.7 Ice Magic
 + Level 0.7 Air Magic
 + Level 0.7 Earth Magic
 + Level 0.7 Poison Magic
 + Level 1.1 Invocations
 + Level 2.7 Evocations


You had 16 spell levels left.
You knew the following spells:

 Your Spells              Type           Power        Failure   Level  Hunger
a - Summon Small Mammal   Summ           ###.         5%          1    None


Dungeon Overview and Level Annotations

Branches:
Dungeon (2/15)

Altars:
Ru


Innate Abilities, Weirdness & Mutations

Your experience applies equally to all skills.
You have very sharp teeth.
Your uncanny sense of smell can sniff out nearby items.


Message History

* * * LOW HITPOINT WARNING * * *
You feel sick.
* * * LOW HITPOINT WARNING * * *
You feel sick.
* * * LOW HITPOINT WARNING * * *
You feel sick. The ogre closely misses you.
* * * LOW HITPOINT WARNING * * *
You feel sick.
* * * LOW HITPOINT WARNING * * *
You feel sick. The ogre barely misses you.
You see here a scroll labeled HILALO GUSYUVO.
* * * LOW HITPOINT WARNING * * *
You feel sick. The orc hits you but does no damage.
* * * LOW HITPOINT WARNING * * *
You feel sick.
* * * LOW HITPOINT WARNING * * *
You feel sick.
You die...

..##.##.###....
..#....# #....
#.#..#####....
#.#...........
######.............
#...###............
#o#O#.......?..####
#.#.Z...>......#
#.@...#.#......# ∆
#######.'......#
###......# #......#
#......# #......#
#......# ########


You could see an ogre, an orc and a leopard gecko skeleton.

Vanquished Creatures
  A gnoll (D:1)
  2 oozes (D:1)
  A dart slug (D:1)
  3 leopard geckos
  2 giant cockroaches (D:2)
  6 goblins (D:1)
  3 hobgoblins
  7 jackals
  A quokka (D:2)
  2 ball pythons (D:1)
  6 bats
  2 frilled lizards
  3 kobolds
  2 rats (D:1)
41 creatures vanquished.

Notes
Turn   | Place    | Note
-------+----------+-------------------------------------------
     0 | D:1      | xccam the Gnoll Wanderer began the quest for the Orb.
     0 | D:1      | xccam set off with: a +0 spear, a +0 robe, a +0 dagger, a ration
     0 | D:1      | Reached XP level 1. HP: 17/17 MP: 8/8
     2 | D:1      | Learned a level 1 spell: Summon Small Mammal
   120 | D:1      | Reached XP level 2. HP: 13/23 MP: 10/10
   314 | D:1      | Reached XP level 3. HP: 26/28 MP: 9/11
   526 | D:1      | Reached skill level 1 in Invocations
  1104 | D:2      | Reached skill level 1 in Short Blades
  1104 | D:2      | Reached skill level 1 in Axes
  1104 | D:2      | Reached skill level 1 in Maces & Flails
  1104 | D:2      | Reached skill level 1 in Polearms
  1104 | D:2      | Reached skill level 1 in Staves
  1104 | D:2      | Reached skill level 1 in Slings
  1104 | D:2      | Reached skill level 1 in Bows
  1104 | D:2      | Reached skill level 1 in Crossbows
  1104 | D:2      | Reached skill level 1 in Throwing
  1104 | D:2      | Reached skill level 1 in Armour
  1104 | D:2      | Reached skill level 1 in Dodging
  1104 | D:2      | Reached skill level 1 in Shields
  1104 | D:2      | Reached skill level 1 in Unarmed Combat
  1129 | D:2      | Reached XP level 4. HP: 31/34 MP: 11/13
  1149 | D:2      | Found a sacrificial altar of Ru.
  1347 | D:2      | You fall through a shaft for 2 floors!
  1348 | D:4      | Noticed an ogre
  1422 | D:4      | HP: 1/34 [poisoned by an orc]
  1430 | D:4      | Succumbed to an orc's poison

Vault maps used:
D:1:      dpeg_arrival_court
D:2:      nicolae_ru_awakened_eye
D:4:      vehumet_altar_wand_db, minmay_temple_entry_trees, led_sif_pool

Skill      XL: |  1  2  3 |
---------------+----------+-----
Invocations    | 1 |  1.1
Short Blades   | 1 |  1.0
Axes           | 1 |  1.0
Maces & Flails | 1 |  1.0
Polearms       | 1 |  1.0
Staves         | 1 |  1.0
Slings         | 1 |  1.0
Bows           | 1 |  1.0
Crossbows      | 1 |  1.0
Throwing       | 1 |  1.0
Armour         | 1 |  1.0
Dodging        | 1 |  1.0
Shields        | 1 |  1.0
Unarmed Combat | 1 |  1.0
Fighting       | |  2.7
Long Blades    | |  2.7
Stealth        | |  4.2
Spellcasting   | |  7.2
Conjurations   | |  0.7
Hexes          | |  0.7
Charms         | |  0.7
Summonings     | |  3.8
Necromancy     | |  0.7
Translocations | |  0.7
Transmutations | |  0.7
Fire Magic     | |  0.7
Ice Magic      | |  0.7
Air Magic      | |  0.7
Earth Magic    | |  0.7
Poison Magic   | |  0.7
Evocations     | |  2.7

Action                   |  1- 3 |  4- 6 || total
-------------------------+-------+-------++-------
Melee: Spear             |   141 |    20 ||   161
       Bite              |    14 |       ||    14
 Stab: Sleeping          |     8 |     2 ||    10
  Eat: Chunk             |     1 |     1 ||     2
Armor: Ring mail         |    49 |     9 ||    58
Dodge: Dodged            |    69 |    18 ||    87

Table legend:
 A = Spawn XP
 B = Non-spawn XP
 C = Spawn XP percentage of total XP
 D = Spawn monster count
 E = Non-spawn monster count
 F = Spawn count percentage of total count
 G = Total turns spent on level
                    A         B        C        D         E        F      G
               +---------+---------+-------+---------+---------+-------+---------
         Total |       0 |      95 |   0.0 |       0 |      41 |   0.0 |  1430
               +---------+---------+-------+---------+---------+-------+---------
           D:1 |       0 |      71 |   0.0 |       0 |      29 |   0.0 |  1008
           D:2 |       0 |      24 |   0.0 |       0 |      12 |   0.0 |   339
               +---------+---------+-------+---------+---------+-------+---------
